 Dungeon Crawl Stone Soup version 0.29.1-13-g9f3cf754e1 (webtiles) character file.

Game seed: 3119411160485479154

123 Peloso the Covered (level 4, -7/41 HPs)
             Began as a Minotaur Fighter on Jan 22, 2023.
             Succumbed to a water moccasin's poison
             ... on level 3 of the Dungeon.
             The game lasted 00:03:19 (2364 turns).

Peloso the Covered (Minotaur Fighter)               Turns: 2364, Time: 00:03:20

Health: -7/41      AC:  9    Str: 21    XL:     4   Next: 79%
Magic:  3/3        EV:  9    Int:  5    God:
Gold:   144        SH:  4    Dex: 11    Spells: 3/3 levels left

rFire   . . .      SeeInvis .   a - +0 long sword
rCold   . . .      Faith    .   d - +0 buckler
rNeg    . . .      Spirit   .   b - +0 scale mail
rPois   .          Reflect  .   (helmet restricted)
rElec   .          Harm     .   c - +1 cloak
rCorr   .          Rampage  .   (no gloves)
Will    .....                   (no boots)
Stlth   ..........              (no amulet)
HPRegen 0.13/turn               (no ring)
MPRegen 0.08/turn               (no ring)

@: lethally poisoned (-7 -> -36)
A: horns 2, retaliatory headbutt
a: no special abilities


You were on level 3 of the Dungeon.
You visited 1 branch of the dungeon, and saw 3 of its levels.

You collected 144 gold pieces.

Inventory:

Hand Weapons
 a - a +0 long sword (weapon)
Armour
 b - a +0 scale mail (worn)
 c - a +1 cloak (worn)
 d - a +0 buckler (worn)
Scrolls
 e - a scroll of enchant armour
 f - a scroll of identify
 g - 2 scrolls of poison {unknown}
 i - a scroll of magic mapping
 j - a scroll of immolation {unknown}
 k - a scroll of silence
 l - a scroll of torment {unknown}
Potions
 h - a potion of might


   Skills:
 + Level 4.3 Fighting
 + Level 4.3 Long Blades
 + Level 4.6 Armour
 + Level 0.4 Dodging
 + Level 0.1 Stealth
 + Level 4.0 Shields


You had 3 spell levels left.
You didn't know any spells.
Your spell library was empty.

Dungeon Overview and Level Annotations

Branches:
Dungeon (3/15)

Altars:
Sif Muna

Shops:
D:1 =   D:3 :


Innate Abilities, Weirdness & Mutations

You have a pair of horns on your head.
You reflexively headbutt those who attack you in melee.


Message History

A hobgoblin is nearby!
The hobgoblin shouts!
You hear an angry hiss.
You hear a shout! x2
A water moccasin comes into view.
An endoplasm comes into view.
The endoplasm quivers.
Found an emerald potion.
You barely miss the hobgoblin. The hobgoblin closely misses you.
You hit the hobgoblin.
The hobgoblin is almost dead.
The water moccasin bites you.
A goblin comes into view. It is wielding a +0 dagger.
The hobgoblin hits you.
The water moccasin bites you but does no damage.
The hobgoblin attacks as you move away! You block the hobgoblin's attack.
The water moccasin barely misses you.
The water moccasin attacks as you move away!
The water moccasin bites you. The water moccasin bites you.
You are poisoned.
The water moccasin poisons you! The water moccasin barely misses you.
The hobgoblin attacks as you move away! You block the hobgoblin's attack.
You feel very sick.
The water moccasin attacks as you move away!
The water moccasin bites you!
You are lethally poisoned!
The water moccasin poisons you!
* * * LOW HITPOINT WARNING * * *
You feel very sick.
The water moccasin attacks as you move away!
The water moccasin bites you but does no damage.
* * * LOW HITPOINT WARNING * * *
You feel very sick. The water moccasin bites you.
* * * LOW HITPOINT WARNING * * *
You are more poisoned.
The water moccasin poisons you!
Okay, then.
You barely miss the water moccasin. You headbutt the water moccasin.
The water moccasin is lightly wounded.
You die...

#... #### #... #...
##############...
#...###............'...
#...#...############...
#...#.### #....?# #...
#...#.# ##.......##...
###.....####.........####
......>..@S...........
.##########J..........
##............
##.............
##..............
#...............
#................
#.>...........)..
#....?...........


You could see a water moccasin and an endoplasm.

Vanquished Creatures
  A scorpion (D:3)
  An adder (D:3)
  2 worms
  A dart slug (D:1)
  5 endoplasms
  A giant cockroach (D:2)
  7 goblins
  4 hobgoblins
  3 jackals (D:1)
  A quokka (D:2)
  5 ball pythons
  2 bats (D:1)
  A frilled lizard (D:1)
  4 kobolds
  5 rats
43 creatures vanquished.

Notes
Turn   | Place    | Note
-------+----------+-------------------------------------------
     0 | D:1      | Peloso the Minotaur Fighter began the quest for the Orb.
     0 | D:1      | Reached XP level 1. HP: 19/19 MP: 0/0
   279 | D:1      | Reached XP level 2. HP: 27/27 MP: 1/1
   876 | D:1      | Found Kudots's Jewellery Boutique.
  1205 | D:2      | Reached XP level 3. HP: 33/33 MP: 2/2
  1212 | D:2      | Found a shimmering blue altar of Sif Muna.
  2077 | D:3      | Noticed a scorpion
  2102 | D:3      | Killed a scorpion
  2103 | D:3      | Reached XP level 4. HP: 21/41 MP: 3/3
  2296 | D:3      | Found Jellutim's Book Boutique.
  2352 | D:3      | Noticed a water moccasin
  2363 | D:3      | HP: 1/41 [water moccasin (6)]
  2364 | D:3      | Succumbed to a water moccasin's poison

Illustrated notes

Levels and vault maps discovered:
D:1:      lightli_arrival_quake, layout_loops_corners, serial_shops,
          nicolae_shop_crystal
D:2:      layout_basic, basic_altar
D:3:      layout_basic, serial_shops, shop, uniq_robin

Skill      XL: |  1  2  3 |
---------------+----------+-----
Armour         | 4 |  4.6
Fighting       | 4 |  4.3
Long Blades    | 4 |  4.3
Shields        | 4 |  4.0
Dodging        | |  0.4
Stealth        | |  0.1

Action                   |  1- 3 |  4- 6 || total
-------------------------+-------+-------++-------
Melee: Long sword        |    87 |    13 ||   100
       Headbutt          |    11 |     1 ||    12
  Use: Scroll            |     4 |       ||     4
       Potion            |     1 |       ||     1
Armor: Scale mail        |    50 |    11 ||    61
Dodge: Dodged            |    49 |     5 ||    54
Block: Buckler           |    27 |     3 ||    30
